 Dungeon Crawl Stone Soup version 0.30-a0-389-g8d7d949f56 (webtiles) character file.

Game seed: 18056937639027281983

181863 karrick the Bludgeoner (level 17, -5/115 HPs)
             Began as a Gargoyle Fighter on Dec 3, 2022.
             Was the Champion of Okawaru.
             Slain by a vault warden
             ... wielding a +2 great mace of draining
              (26 damage)
             ... on level 1 of the Vaults.
             The game lasted 01:26:04 (33304 turns).

karrick the Bludgeoner (Gargoyle Fighter)          Turns: 33304, Time: 01:26:05

Health: -5/115     AC: 44    Str: 26    XL:     17   Next: 95%
Magic:  26/27      EV: 14    Int: 19    God:    Okawaru [******]
Gold:   1695       SH: 15    Dex: 18    Spells: 16/16 levels left

rFire   . . .      SeeInvis .    W - +9 morningstar "Xojaaxzy" {protect, Str+5 Dex-3}
rCold   . . .      Faith    .    c - +0 buckler
rNeg    + . .      Spirit   .    h - quicksilver dragon scales
rPois   ∞          Reflect  +    O - +2 hat {Int+3}
rElec   +          Harm     .    I - +2 cloak
rCorr   .          Rampage  .    E - +1 pair of gloves
Will    ++...                    Q - +0 pair of boots of Vaetoink {+Blink}
Stlth   +++++.....               e - amulet of reflection
HPRegen 0.39/turn                s - +6 ring of dexterity
MPRegen 0.20/turn                M - +6 ring of intelligence

@: about to teleport, heroic, under a protective aura, flying, studying 2 skills
A: sickness immunity, AC +12, big wings, negative energy resistance 1,
electricity resistance, torment resistance 1, petrification resistance
}: 1/15 runes: barnacled
a: Renounce Religion, Evoke Blink, Heroism, Finesse, Duel


You were on level 1 of the Vaults.
You worshipped Okawaru.
Okawaru was exalted by your worship.
You visited 6 branches of the dungeon, and saw 28 of its levels.
You visited the Abyss 1 time.
You also visited: Bailey.

You collected 3935 gold pieces.
You spent 2240 gold pieces at shops.

Inventory:

Hand Weapons
 o - the +7 Spriggan's Knife {stab, EV+4 Stlth+}
   (You found it on level 1 of the Shoals)

   It is more effective when stabbing unaware enemies, sometimes treating them
   as though they were completely helpless.
   EV:        It affects your evasion (+4).
   Stlth:     It makes you more stealthy.
 y - a +1 demon whip of venom
 D - the +5 battleaxe of the Gloaming {flame, Str+5 Dex-3}
   (Okawaru gifted it to you on level 2 of the Lair of Beasts)

   It burns those it strikes, dealing additional fire damage.
   Big, fiery blades are also staple armaments of hydra-hunters.
   Str:       It affects your strength (+5).
   Dex:       It affects your dexterity (-3).
 F - a +0 hand axe of venom
 H - the +9 staff of Wucad Mu {*channel}
   (You found it on level 5 of the Lair of Beasts)

   It occasionally powers its wielder's spells, but with a chance of causing
   confusion or draining the wielder's intelligence.
   It becomes more likely to activate and less likely to backfire with increased
   Evocations skill.
 W - the +9 morningstar "Xojaaxzy" (weapon) {protect, Str+5 Dex-3}
   (Okawaru gifted it to you on level 13 of the Dungeon)

   It grants its wielder temporary protection when it strikes (+7 to AC).
   Str:       It affects your strength (+5).
   Dex:       It affects your dexterity (-3).
Missiles
 J - 10 silver boomerangs (quivered)
 N - 8 silver javelins
 P - 22 boomerangs
Armour
 c - a +0 buckler (worn)
 h - quicksilver dragon scales (worn)
 E - a +1 pair of gloves (worn)
 I - a +2 cloak (worn)
 O - a +2 hat of intelligence (worn)
 Q - the +0 pair of boots of Vaetoink (worn) {+Blink}
   (You bought it in a shop on level 1 of the Shoals)

   +Blink:    It lets you blink.
 Y - a +0 troll leather armour
 Z - the +1 chain mail of the Invisible Hand {rF+ Int+8}
   (Okawaru gifted it to you on level 5 of the Lair of Beasts)

   Int:       It affects your intelligence (+8).
   rF:        It protects you from fire.
Jewellery
 e - an amulet of reflection (around neck)
 m - a ring of see invisible
 s - a +6 ring of dexterity (left hand)
 B - the amulet "Leeggem" {Spirit Contam rF++}
   (You found it on level 5 of the Lair of Beasts)

   [amulet of guardian spirit]

   It causes incoming damage to be divided between your reserves of health and
   magic.
   rF:        It greatly protects you from fire.
   Contam:    It causes magical contamination when unequipped.
 M - a +6 ring of intelligence (right hand)
 R - a ring of protection from cold
Wands
 r - a wand of light (5)
 L - a wand of digging (4)
Scrolls
 a - 4 scrolls of blinking
 b - 7 scrolls of teleportation
 f - 5 scrolls of magic mapping
 j - 3 scrolls of brand weapon
 t - 5 scrolls of enchant weapon
 v - 3 scrolls of silence
 w - 3 scrolls of enchant armour
 z - 8 scrolls of immolation
 C - 8 scrolls of identify
 G - 2 scrolls of butterflies
 K - a scroll of acquirement
 S - 3 scrolls of poison
 T - 2 scrolls of fear
 X - 2 scrolls of summoning
Potions
 d - 4 potions of lignification
 g - a potion of cancellation
 i - a potion of resistance
 k - 11 potions of curing
 l - a potion of might
 n - 7 potions of haste
 p - 3 potions of ambrosia
 q - 2 potions of brilliance
 u - 3 potions of invisibility
 x - 3 potions of heal wounds
 A - 5 potions of mutation
 V - 2 potions of magic
Miscellaneous
 U - a tin of tremorstones (2/2)


   Skills:
 * Level 16.1(21.1) Fighting
 + Level 17.7(22.7) Maces & Flails
 + Level 0.8(5.8) Throwing
 + Level 9.9(14.9) Armour
 * Level 8.6(13.6) Stealth
 + Level 16.9(21.9) Shields
 * Level 14.2 Invocations
 + Level 0.1 Evocations


You had 16 spell levels left.
You didn't know any spells.
Your spell library contained the following spells:

 Spells                   Type           Power      Damage    Failure   Level
 Foxfire                  Conj/Fire      0%         2x1d4     28%         1
 Magic Dart               Conj           0%         1d3       28%         1
 Necrotise                Necr           0%         1d4       28%         1
 Sandblast                Erth           0%         2d4       28%         1
 Sting                    Tmut/Pois      0%         1d3       28%         1
 Passwall                 Tmut/Erth      0%         N/A       41%         2
 Poisonous Vapours        Pois/Air       0%         N/A       41%         2
 Mephitic Cloud           Conj/Pois/Air  0%         N/A       65%         3
 Ozocubu's Armour         Ice            0%         N/A       65%         3
 Portal Projectile        Hex/Tloc       0%         N/A       65%         3
 Stone Arrow              Conj/Erth      0%         3d7       65%         3
 Vampiric Draining        Necr           0%         2d6       65%         3
 Anguish                  Hex/Necr       0%         N/A       96%         4
 Leda's Liquefaction      Hex/Erth       0%         N/A       96%         4
 Olgreb's Toxic Radiance  Pois           0%         N/A       96%         4
 Passage of Golubria      Tloc           0%         N/A       96%         4
 Agony                    Necr           0%         N/A       100%        5
 Fireball                 Conj/Fire      0%         3d3       100%        5
 Freezing Cloud           Conj/Ice/Air   0%         6-21      100%        5
 Irradiate                Conj/Tmut      0%         3d11      100%        5
 Iskenderun's Battlesphe  Conj           0%         2d6       100%        5
 Metabolic Englaciation   Hex/Ice        0%         N/A       100%        5
 Yara's Violent Unravell  Hex/Tmut       0%         3d3       100%        5
 Conjure Ball Lightning   Conj/Air       0%         3x3d7     100%        6
 Eringya's Noxious Bog    Tmut/Pois      0%         N/A       100%        6
 Enfeeble                 Hex            0%         N/A       100%        7
 Orb of Destruction       Conj           0%         9d5       100%        7
 Lehudib's Crystal Spear  Conj/Erth      0%         10d2      100%        8
 Polar Vortex             Ice            0%         N/A       100%        9
 Call Imp                 Summ           Unusable   N/A       N/A         2
 Call Canine Familiar     Summ           Unusable   N/A       N/A         3
 Tukima's Dance           Hex            Unusable   N/A       N/A         3
 Summon Forest            Summ/Tloc      Unusable   N/A       N/A         5
 Simulacrum               Ice/Necr       Unusable   N/A       N/A         6
 Summon Hydra             Summ           Unusable   N/A       N/A         7

Dungeon Overview and Level Annotations

Branches:
Dungeon (15/15)            Temple (1/1) D:6            Lair (5/5) D:10
 Shoals (4/4) Lair:2       Spider (0/4) Lair:3        Slime (0/5) Lair:5
    Orc (2/2) D:11            Elf (0/3) Orc:2        Vaults (1/5) D:14
 Depths (0/4) D:15         Bailey (visited)

Altars:
Ashenzari
Cheibriados
Dithmenos
Elyvilon
Fedhas
Gozag
Hepliaklqana
Kikubaaqudgha
Makhleb
Nemelex Xobeh
Okawaru
Qazlal
Ru
Sif Muna
Trog
Uskayaw
Vehumet
Wu Jian
Xom
Yredelemnul
Zin
The Shining One
Jiyva

Shops:
D:1 !   D:14 ?:   D:15 ?   Orc:2 ?[(*   Shoals:1 [?

Annotations:
D:12 Rupert
Lair:5 exclusions: obsidian statue and 2 oklob plants
Shoals:4 Mara
Orc:1 2 transporters, Ishumukk's ghost, journeyman MiBe


Innate Abilities, Weirdness & Mutations

You are immune to sickness and miasma.
Your stone body is resilient. (AC +12)
You are immune to poison.
Your large and strong wings let you fly.
You resist negative energy. (rN+)
You are resistant to electric shocks. (rElec)
You are resistant to unholy torment.
You are immune to petrification.


Message History

The vault warden is lightly wounded.
The centaur warrior wields a +0 longbow.
The centaur warrior shoots an arrow.
The arrow hits you but does no damage.
You hit the vault warden but do no damage.
The vault warden is lightly wounded.
A necromancer comes into view. It is wielding a +0 dagger.
The vault warden hits you with a +2 great mace of draining!!
You are too injured to fight recklessly!
You are too injured to fight recklessly!
You barely miss the vault warden.
The vault warden is lightly wounded.
The vault guard closely misses you. The vault warden closely misses you.
You hit the vault warden.
The vault warden is lightly wounded.
Unknown command.
You closely miss the vault warden.
The vault warden is lightly wounded.
The vault guard hits you with a +3 battleaxe!
The vault warden barely misses you.
You impale the vault warden!!
The vault warden is moderately wounded.
You block the vault guard's attack.
The vault warden hits you with a +2 great mace of draining.
You puncture the vault warden!
The vault warden is heavily wounded.
You closely miss the vault warden.
The vault warden is heavily wounded.
You block the vault guard's attack.
The vault warden hits you with a +2 great mace of draining!
* * * LOW HITPOINT WARNING * * *
The vault sentinel blows a loud note on a signal horn!
The necromancer casts a spell.
The necromancer binds the souls of nearby monsters.
You hear a horrible gurgling sound! x2
As you read the scroll of teleportation, it crumbles to dust.
You feel strangely unstable.
The vault guard hits you with a +3 battleaxe!
* * * LOW HITPOINT WARNING * * *
The vault warden hits you with a +2 great mace of draining!!
You die...

,,* ########u##################
,,* #..#### ,,**********#)))..#
++**,,,,,,,*#....p#
,,,*,,,,,,,*##.#.p#
**,*,,,,,,,*#..#cp#
,*,*,,,,,,,*#..#pc#
,*,*,,,,,,,*#'###p#
,***,,,,,,,*#>#(@p#
,,,*,,,,,,,*#######**************
,,,*,,,,,,,* *,,,,,,*,,,,,,
,,,+,,,,,,,* *,,,,,,*,,,,,,
,,,********* *,,,,,,*,,>,,, ,,,*
*,,,,,,+,,,,,, ****
*,,,,,,*,,,,,, *,,,,,,*,,,,,,
********,,,,,,


You could see a vault warden (soul bound), a vault guard (soul bound), a centaur
warrior (soul bound), 2 vault sentinels and a necromancer.

Vanquished Creatures
  A quicksilver dragon (Abyss:1)
  Gastronok (D:9)
  2 tentacled starspawn (Abyss:1)
  Donald (Shoals:1)
  A revenant (Abyss:1)
  Louise (Shoals:1)
  An orc warlord (Orc:2)
  A very ugly thing (Vaults:1)
  An ironbound preserver (D:14)
  3 dire elephants (Lair:5)
  4 merfolk impalers
  Josephine (D:15)
  Snorg (D:13)
  4 merfolk javelineers
  2 fire dragons
  A great orb of eyes (Lair:1)
  6 hydras
  Harold (D:9)
  An ice dragon (D:15)
  A rakshasa (Abyss:1)
  Fannar (Lair:2)
  A catoblepas (Lair:4)
  The ghost of Vonnarr the Zephyrmancer, a journeyman OpAE of Gozag (Lair:1)
  3 boulder beetles (D:14)
  4 merfolk aquamancers
  17 centaur warriors
  3 satyrs
  6 slime creatures
  5 two-headed ogres
  3 orc high priests (Orc:2)
  10 death yaks (Lair:5)
  A thrashing horror (Abyss:1)
  Urug (D:13)
  Nergalle (D:12)
  2 tengu warriors
  A spectral death yak (Lair:5)
  A wretched star (Abyss:1)
  2 spectral dire elephants (Lair:5)
  12 sea snakes
  Lodul (D:13)
  A spectral anaconda (Lair:5)
  An orb spider (shapeshifter) (D:13)
  3 deep trolls (Vaults:1)
  A wizard (D:14)
  Pikel (D:5)
  A lindwurm (Vaults:1)
  33 harpies
  4 necromancers (Lair:5)
  5 ugly things (D:14)
  An orc knight (Orc:1)
  15 manticores
  6 cyclopes
  3 orc sorcerers
  11 merfolk sirens
  17 elephants
  19 fauns
  A black mamba (shapeshifter) (D:13)
  4 vault sentinels (Vaults:1)
  6 black mambas
  An orange demon (Abyss:1)
  2 water nymphs
  15 cane toads
  A gargoyle (D:10)
  2 rime drakes
  2 dire elephant skeletons (Lair:5)
  3 kobold demonologists
  3 freezing wraiths
  2 komodo dragons
  7 yaktaurs
  3 tengu conjurers
  A burning bush (Lair:2)
  3 trolls
  3 polar bears
  18 merfolk
  6 wind drakes
  4 raiju (Abyss:1)
  10 snapping turtles
  9 blink frogs
  14 dream sheep
  A jumping spider (shapeshifter) (D:15)
  2 small abominations (Abyss:1)
  A large abomination (Abyss:1)
  A ynoxinul (Abyss:1)
  2 wyverns (Lair:3)
  43 yaks
  8 water elementals
  6 basilisks
  7 wraiths
  A vampire (D:12)
  12 vampire mosquitoes
  2 steam dragons
  A basilisk (shapeshifter) (D:14)
  A neqoxec (Abyss:1)
  A golden eye (Abyss:1)
  3 redbacks (Lair:3)
  4 wargs
  2 spectral cane toads (Lair:5)
  2 acid dragons
  11 water moccasins
  28 orc warriors
  2 sky beasts
  3 black bears
  8 ogres
  15 centaurs
  17 wolves
  3 elephant skeletons (Lair:5)
  A phantom (D:5)
  4 kobold brigands
  3 gnoll sergeants
  7 bullfrogs
  3 necrophages
  2 cane toad simulacra (Lair:5)
  5 scorpions
  20 wights
  An elephant simulacrum (Lair:5)
  16 killer bees
  An electric eel (Lair:2)
  25 orc priests
  5 hounds
  3 jellies (Lair:1)
  6 iguanas
  23 orc wizards
  Terence (D:3)
  Ijyb (D:5)
  Robin (D:3)
  16 gnolls
  8 adders
  A shadow imp (D:6)
  A white imp (D:7)
  3 ufetubi
  2 worms (D:2)
  3 dart slugs
  122 orcs
  7 bats
  9 endoplasms
  4 giant cockroaches
  17 goblins
  10 hobgoblins
  2 jackals (D:4)
  20 kobolds
  6 quokkas
  5 ball pythons
  3 frilled lizards
  9 rats
  2 tentacles (Shoals:2)
918 creatures vanquished.

Vanquished Creatures (others)
  22 fungi
  98 plants
  4 starspawn tentacles (Abyss:1)
  6 tentacles (Shoals:2)
  10 withered plants (Lair:5)
140 creatures vanquished.

Grand Total: 1058 creatures vanquished

Notes
Turn   | Place    | Note
-------+----------+-------------------------------------------
     0 | D:1      | karrick the Gargoyle Fighter began the quest for the Orb.
     0 | D:1      | Reached XP level 1. HP: 14/14 MP: 1/1
   137 | D:1      | Found Ripot's Distillery.
   240 | D:1      | Reached XP level 2. HP: 19/19 MP: 2/2
  1111 | D:2      | Found a hazy altar of Hepliaklqana.
  1117 | D:2      | Reached XP level 3. HP: 23/23 MP: 3/3
  1240 | D:2      | Reached skill level 3 in Maces & Flails
  1284 | D:2      | HP: 1/23 [worm (9)]
  1286 | D:2      | Reached XP level 4. HP: 2/28 MP: 4/4
  1895 | D:3      | Noticed Robin
  1921 | D:3      | Reached XP level 5. HP: 25/33 MP: 5/5
  1934 | D:3      | Killed Robin
  1976 | D:3      | Found a faded altar of an unknown god.
  2049 | D:3      | Found a burning altar of Makhleb.
  2049 | D:3      | Noticed a blizzard demon
  2323 | D:3      | Found a hide-covered altar of Uskayaw.
  2354 | D:3      | Noticed Terence
  2355 | D:3      | Found a radiant altar of Vehumet.
  2358 | D:3      | Killed Terence
  2359 | D:3      | Reached skill level 4 in Maces & Flails
  2943 | D:4      | Reached skill level 1 in Stealth
  2943 | D:4      | Reached XP level 6. HP: 34/38 MP: 6/6
  3135 | D:4      | Noticed a black bear
  3142 | D:4      | Killed a black bear
  3458 | D:5      | Entered Level 5 of the Dungeon
  3480 | D:5      | Reached skill level 5 in Maces & Flails
  3536 | D:5      | Reached XP level 7. HP: 35/43 MP: 7/7
  3612 | D:5      | Noticed Ijyb
  3626 | D:5      | Killed Ijyb
  3754 | D:5      | Noticed Pikel
  3782 | D:5      | Killed Pikel
  3783 | D:5      | Reached skill level 6 in Maces & Flails
  3783 | D:5      | Reached skill level 5 in Armour
  3783 | D:5      | Reached skill level 5 in Shields
  3783 | D:5      | Reached XP level 8. HP: 4/48 MP: 8/8
  4173 | D:5      | Reached skill level 5 in Fighting
  4173 | D:5      | Reached skill level 7 in Maces & Flails
  4830 | D:6      | Noticed a two-headed ogre
  4831 | D:6      | Noticed a two-headed ogre
  4835 | D:6      | Found a staircase to the Ecumenical Temple.
  4848 | Temple   | Entered the Ecumenical Temple
  5224 | Temple   | Became a worshipper of Warmaster Okawaru
  5277 | D:7      | Reached XP level 9. HP: 40/55 MP: 9/9
  5314 | D:7      | Reached skill level 8 in Maces & Flails
  5340 | D:7      | Reached * piety under Okawaru
  5455 | D:7      | Found a flagged portal.
  5558 | Bailey   | Entered a bailey
  5675 | Bailey   | Noticed an orc knight
  6021 | D:7      | Reached skill level 1 in Invocations
  7047 | D:8      | Reached skill level 9 in Maces & Flails
  7047 | D:8      | Reached XP level 10. HP: 54/61 MP: 11/11
  7188 | D:8      | Found a shimmering altar of Xom.
  7315 | D:9      | Noticed Harold
  7335 | D:9      | Killed Harold
  7335 | D:9      | Reached ** piety under Okawaru
  7840 | D:10     | Entered Level 10 of the Dungeon
  8108 | D:9      | Noticed Gastronok
  8517 | D:9      | Killed Gastronok
  8517 | D:9      | Reached *** piety under Okawaru
  8518 | D:9      | Reached skill level 10 in Maces & Flails
  8723 | D:6      | Killed a two-headed ogre
  8723 | D:6      | Reached **** piety under Okawaru
  8724 | D:6      | Reached skill level 5 in Invocations
  8724 | D:6      | Reached XP level 11. HP: 25/67 MP: 11/14
  8729 | D:6      | Killed a two-headed ogre
  8729 | D:6      | Received a gift from Okawaru
  9784 | D:10     | Found a basalt altar of Yredelemnul.
  9811 | D:10     | Reached ***** piety under Okawaru
  9831 | D:10     | Found a staircase to the Lair.
  9895 | D:10     | Identified the +4 trident of Theory {vamp, rElec rPois}
  9952 | D:10     | Found a shadowy altar of Dithmenos.
  9988 | D:10     | Reached skill level 11 in Maces & Flails
 10311 | D:11     | Noticed a two-headed ogre
 10320 | D:11     | Killed a two-headed ogre
 10321 | D:11     | Reached skill level 10 in Shields
 10440 | D:11     | Found a staircase to the Orcish Mines.
 10932 | D:11     | Noticed a two-headed ogre
 10945 | D:11     | Killed a two-headed ogre
 11150 | D:12     | Noticed Nergalle
 11167 | D:12     | Killed Nergalle
 11298 | D:12     | Noticed a cyclops
 11303 | D:12     | Noticed a two-headed ogre
 11314 | D:12     | Killed a cyclops
 11315 | D:12     | Reached XP level 12. HP: 50/73 MP: 15/17
 11322 | D:12     | Killed a two-headed ogre
 11511 | D:12     | Noticed Rupert
 11746 | D:13     | Noticed a centaur warrior
 11761 | D:13     | Killed a centaur warrior
 11761 | D:13     | Identified the +9 morningstar "Xojaaxzy" {protect, Str+5
                  | Dex-3} (Okawaru gifted it to you on level 13 of the
                  | Dungeon)
 11761 | D:13     | Received a gift from Okawaru
 11762 | D:13     | Reached skill level 12 in Maces & Flails
 11842 | D:13     | Noticed Lodul
 11842 | D:13     | Noticed Urug
 11962 | Orc:1    | Entered Level 1 of the Orcish Mines
 12011 | Orc:1    | Found a transporter.
 12015 | Orc:1    | Noticed Ishumukk's ghost (journeyman MiBe)
 12040 | Orc:1    | Found a transporter.
 12424 | Orc:2    | Entered Level 2 of the Orcish Mines
 12431 | Orc:2    | Reached ****** piety under Okawaru
 12791 | Orc:2    | Noticed an orc high priest
 12792 | Orc:2    | Noticed an orc warlord
 12904 | Orc:1    | Paralysed by an orc sorcerer for 4 turns
 13057 | Orc:2    | Found Reymim Yrok's Assorted Antiques.
 13130 | Orc:2    | Noticed an orc high priest
 13227 | Orc:2    | Found a staircase to the Elven Halls.
 13244 | Orc:2    | Found Sarefan's Magic Scroll Emporium.
 13244 | Orc:2    | Noticed an orc high priest
 13257 | Abyss:1  | Cast into level 1 of the Abyss (orc warrior)
 13283 | Abyss:1  | Identified a scroll of acquirement
 13284 | Abyss:1  | Acquired 959 gold pieces
 13320 | Abyss:1  | Noticed a quicksilver dragon
 13333 | Abyss:1  | Noticed a revenant
 13340 | Abyss:1  | Killed a quicksilver dragon
 13346 | Abyss:1  | Killed a revenant
 13347 | Abyss:1  | Reached skill level 13 in Maces & Flails
 13357 | Abyss:1  | Noticed a lich
 13526 | Abyss:1  | Noticed a daeva
 13529 | Abyss:1  | Noticed a tentacled starspawn
 13541 | Abyss:1  | Killed a tentacled starspawn
 13611 | Abyss:1  | Noticed a starcursed mass
 13688 | Abyss:1  | Noticed a shadow dragon
 13707 | Abyss:1  | Noticed a tentacled starspawn
 13719 | Abyss:1  | Killed a tentacled starspawn
 13720 | Abyss:1  | Reached XP level 13. HP: 55/80 MP: 17/19
 13747 | Abyss:1  | Identified the +3 mace "Ziwedirim" {vorpal, Fragile Str+6
                  | Int+6} (Okawaru gifted it to you on level 1 of the Abyss)
 13747 | Abyss:1  | Received a gift from Okawaru
 13983 | Abyss:1  | Noticed a rakshasa
 14020 | Abyss:1  | Killed a rakshasa
 14198 | Orc:2    | Escaped the Abyss
 14547 | Orc:2    | Reached skill level 14 in Maces & Flails
 14564 | Orc:2    | Found Poplaen's Antique Armour Boutique.
 14645 | Orc:2    | Found Mivamuib's Antique Weapon Shop.
 14824 | Orc:2    | Received a gift from Okawaru
 14969 | Orc:2    | Killed an orc warlord
 15158 | Orc:2    | Bought a scroll of acquirement for 676 gold pieces
 15158 | Orc:2    | Bought a scroll of teleportation for 39 gold pieces
 15158 | Orc:2    | Bought a scroll of poison for 52 gold pieces
 15701 | D:13     | Noticed Snorg
 15766 | D:13     | Killed Lodul
 15862 | D:13     | Killed Urug
 16061 | D:14     | Found Joseuhas's Magic Scroll Emporium.
 16106 | D:14     | Received a gift from Okawaru
 16107 | D:14     | Reached skill level 10 in Fighting
 16225 | D:14     | Noticed an ironbound preserver
 16250 | D:14     | Killed an ironbound preserver
 16251 | D:14     | Reached skill level 10 in Invocations
 16287 | D:14     | Gained mutation: Your large and strong wings let you fly.
                  | [Gargoyle growth]
 16287 | D:14     | Reached XP level 14. HP: 34/88 MP: 21/21
 16314 | D:15     | Entered Level 15 of the Dungeon
 16329 | D:15     | Reached skill level 15 in Maces & Flails
 16626 | D:15     | Received a gift from Okawaru
 16789 | D:15     | Found Joschu Rots's Magic Scroll Emporium.
 16795 | D:15     | Noticed Josephine
 16810 | D:15     | Killed Josephine
 16875 | D:15     | Bought a scroll of identify for 30 gold pieces
 16875 | D:15     | Bought a scroll of identify for 30 gold pieces
 16875 | D:15     | Bought a scroll of identify for 30 gold pieces
 16889 | D:15     | Found a shimmering altar of Xom.
 16893 | D:15     | Found a shimmering altar of Xom.
 16893 | D:15     | Found a shimmering altar of Xom.
 16893 | D:15     | Found a shimmering altar of Xom.
 16896 | D:15     | Found a shimmering altar of Xom.
 16896 | D:15     | Found a shimmering altar of Xom.
 17054 | D:15     | Found a shimmering altar of Xom.
 17482 | D:15     | HP: 4/88 [fire dragon/blast of flame (53)]
 17800 | D:12     | Paralysed by Rupert for 5 turns
 18089 | Lair:1   | Entered Level 1 of the Lair of Beasts
 18469 | Lair:1   | Found a runed translucent gate.
 18469 | Lair:1   | Found a runed translucent gate.
 18470 | Lair:1   | Found a runed translucent gate.
 18474 | Lair:1   | Noticed Vonnarr's ghost (journeyman OpAE)
 18480 | Lair:1   | Found a viscous altar of Jiyva.
 19015 | Lair:2   | Identified the +5 battleaxe of the Gloaming {flame, Str+5
                  | Dex-3} (Okawaru gifted it to you on level 2 of the Lair of
                  | Beasts)
 19015 | Lair:2   | Received a gift from Okawaru
 19152 | Lair:2   | Found a staircase to the Shoals.
 19659 | Lair:2   | Noticed Fannar
 19676 | Lair:2   | Killed Fannar
 20294 | Lair:3   | Reached skill level 16 in Maces & Flails
 20430 | Lair:3   | Received a gift from Okawaru
 20918 | Lair:3   | Found a hole to the Spider Nest.
 21175 | Lair:3   | Reached XP level 15. HP: 93/96 MP: 23/23
 22416 | Lair:5   | Entered Level 5 of the Lair of Beasts
 22618 | Lair:5   | Found a viscous altar of Jiyva.
 22618 | Lair:5   | Found a staircase to the Slime Pits.
 22897 | Lair:5   | Identified the +0 flail "Cewuogh" {vorpal, Fly rPois rCorr
                  | Str+2} (Okawaru gifted it to you on level 5 of the Lair of
                  | Beasts)
 22897 | Lair:5   | Received a gift from Okawaru
 23210 | Lair:5   | Found the +9 staff of Wucad Mu {*channel}
 23633 | Lair:5   | Identified the +1 chain mail of the Invisible Hand {rF+
                  | Int+8} (Okawaru gifted it to you on level 5 of the Lair of
                  | Beasts)
 23633 | Lair:5   | Received a gift from Okawaru
 23752 | Lair:5   | Identified the amulet "Leeggem" {Spirit Contam rF++}
 24173 | Shoals:1 | Entered Level 1 of the Shoals
 24267 | Shoals:1 | Reached XP level 16. HP: 88/104 MP: 25/25
 24315 | Shoals:1 | Reached skill level 17 in Maces & Flails
 24396 | Shoals:1 | Found the +7 Spriggan's Knife {stab, EV+4 Stlth+}
 24397 | Shoals:1 | Found Vaidan's Antique Armour Shoppe.
 24460 | Shoals:1 | Bought a pair of transparent boots for 323 gold pieces
 24460 | Shoals:1 | Identified the +0 pair of boots of Vaetoink {+Blink} (You
                  | bought it in a shop on level 1 of the Shoals)
 24528 | Shoals:1 | Reached skill level 15 in Shields
 24785 | Shoals:1 | Found Cugenof's Magic Scroll Boutique.
 24791 | Shoals:1 | Noticed Donald
 24834 | Shoals:2 | Reached skill level 5 in Stealth
 25281 | Shoals:2 | Noticed a kraken
 25411 | Shoals:2 | Received a gift from Okawaru
 26076 | Shoals:3 | Received a gift from Okawaru
 26887 | Shoals:4 | Entered Level 4 of the Shoals
 26887 | Shoals:4 | Noticed Mara
 27396 | Shoals:4 | Identified the +0 dagger of the Poles {speed, Stlth+}
                  | (Okawaru gifted it to you on level 4 of the Shoals)
 27396 | Shoals:4 | Received a gift from Okawaru
 27818 | Shoals:4 | Got the Enchiridion on the Barrage and Transmogrification
 27842 | Shoals:4 | Reached XP level 17. HP: 85/112 MP: 27/27
 28164 | Shoals:4 | Got a barnacled rune of Zot
 28291 | Shoals:4 | Noticed karrick's illusion
 28309 | Shoals:4 | Reached skill level 15 in Fighting
 28501 | Shoals:2 | Identified the +1 mace of Mawacwoq {spect, rPois Int+4
                  | Dex-3} (Okawaru gifted it to you on level 2 of the Shoals)
 28501 | Shoals:2 | Received a gift from Okawaru
 28620 | Shoals:2 | HP: 5/113 [tentacle[a kraken] (18)]
 28920 | Shoals:1 | Killed Donald
 29146 | Shoals:1 | Bought a scroll of teleportation for 45 gold pieces
 29157 | Shoals:1 | Noticed Louise
 29175 | Shoals:1 | Killed Louise
 29710 | Lair:1   | Killed Vonnarr's ghost
 29737 | Lair:1   | Identified the +5 shortbow of Contradiction {speed, rPois
                  | rF+ Str-4}
 30816 | D:13     | Killed Snorg
 31181 | D:14     | Found a gate to the Vaults.
 31706 | D:14     | Found Fiblull's Book Boutique.
 31709 | D:14     | Bought a manual of Long Blades for 880 gold pieces
 32001 | D:14     | Bought a scroll of magic mapping for 135 gold pieces
 32747 | D:15     | Found a staircase to the Depths.
 32918 | Vaults:1 | Entered Level 1 of the Vaults
 33187 | Vaults:1 | Received a gift from Okawaru
 33257 | Vaults:1 | Identified the +0 pair of boots of the Lusting Gods {rC+
                  | Str+3} (Okawaru gifted it to you on level 1 of the Vaults)
 33257 | Vaults:1 | Received a gift from Okawaru
 33304 | Vaults:1 | Slain by a vault warden

Illustrated notes

Levels and vault maps discovered:
D:1:      amcnicky_arrival_single_pillar, layout_basic, serial_shops, shop,
          minivault_19
D:2:      layout_rooms, basic_altar, minmay_randomly_rotated_circles
D:3:      layout_loops_ring, makhleb_altar_promises_db,
          mainiacjoe_overflow_two_lobes,
          hellmonk_ecumenical_altar_pennies_from_heaven, kennysheep_crisscross,
          uniq_terence, uniq_robin
D:4:      layout_loops_corners
D:5:      layout_rooms, lexackson_kobold_supper, uniq_pikel, uniq_ijyb
D:6:      layout_basic, minmay_temple_entry_proselytizer, grunt_ministairs_9,
          minmay_manual_monstrance
D:7:      layout_basic, enter_bailey_5
D:8:      layout_rooms, mainiacjoe_overflow_six_doors_small, serial_aquarium,
          aquarium_bridge_square [aquarium_subvault_bridge,
          aquarium_subvault_wall, aquarium_subvault_bridge,
          aquarium_subvault_bridge], aquarium_bridge_square
          [aquarium_subvault_wall, aquarium_subvault_bridge,
          aquarium_subvault_wall, aquarium_subvault_window], aquarium_window_2,
          aquarium_window_corner, aquarium_view_2a, aquarium_balcony_3a
D:9:      layout_small_grid, dreamdust_mushroom_princess,
          nicolae_figureground_sparkle, uniq_gastronok, uniq_harold
D:10:     layout_basic, mainiacjoe_overflow_catwalk,
          nicolae_overflow_crystal_walls, lair_entry_dummy
D:11:     layout_roguey, orc_david_3
D:12:     layout_cave_pods, uniq_nergalle, uniq_rupert
D:13:     layout_irregular_city, uniq_lodul, uniq_urug, uniq_snorg
D:14:     layout_basic, skrybe_vaults_entry_preservation,
          chequers_serial_rivers_micro_e, serial_shops,
          nicolae_shop_behind_doors, nicolae_shop_statue_plus
D:15:     grunt_enter_depths_hoard, layout_basic, nicolae_xom_altar_mimics,
          serial_shops, nicolae_shop_statue_plus, uniq_josephine
Temple:   compressed_dpeg_triangle_lava_temple
Lair:1:   layout_loops_ring, gammafunk_ghost_ooze, columned_hall_lemuel,
          serial_bayou_pond_a, grunt_forest_small_clearing_treed
Lair:2:   layout_chaotic_city, elwin_shoals_entry_rocks, evilmike_ambush
          [evilmike_ambush_outer_corners, evilmike_ambush_inner_pond],
          grunt_megastairs_2, uniq_fannar
Lair:3:   layout_small_grid, spider_nest_entry_webs
Lair:4:   layout_cellular_growth, lemuel_fruit_fields, grunt_megastairs_5
Lair:5:   due_jungle_book, layout_concentric_octagons,
          minmay_slime_entry_oklob_enclosed, infiniplex_staircase_pool
Shoals:1: layout_shoals, serial_shops, shop, shop_fountains, uniq_louise,
          uniq_donald
Shoals:2: layout_shoals
Shoals:3: layout_shoals
Shoals:4: shoals_end_simple, layout_shoals, centaur_isle, uniq_mara
Orc:1:    layout_caves, gammafunk_ghost_stat_death
Orc:2:    grunt_orc_community_town_hall, layout_caves,
          grunt_orc_community_big_house_1, grunt_orc_community_big_house_1,
          grunt_orc_community_house_2, grunt_orc_community_house_2,
          grunt_orc_community_house_1, grunt_orc_community_house_1,
          grunt_orc_community_house_3, grunt_orc_community_house_3
Vaults:1: st_eye, nicolae_vaults_ring_of_whatevers, v_rooms_5,
          vaults_mumra_chevron_long, nicolae_vaults_sealed_display,
          ontoclasm_vaults_fault, nicolae_vaults_network_star,
          ontoclasm_vaults_chip, v_misc_18, nicolae_vaults_mini_display_case,
          ontoclasm_vaults_ligature, ontoclasm_vaults_gateway,
          nicolae_vaults_little_squares_3, nicolae_vaults_rhombus_6,
          layout_vaults_ring, serial_shops, nicolae_shop_waterfront, uniq_zenata

Skill      XL: |  1  2  3  4  5  6  7  8  9 10 11 12 13 14 15 16 17 |
---------------+----------------------------------------------------+-----
Maces & Flails | 3 4 5 6 7 9 10 11 13 14 16 17 | 17.7
Armour         | 4 5 7 8 9 |  9.9
Shields        | 4 5 6 8 9 10 11 12 13 14 16 | 16.9
Fighting       | 4 5 6 7 8 9 10 11 13 14 16 | 16.1
Stealth        | 1 2 3 4 7 8 |  8.6
Invocations    | 1 5 6 8 10 11 12 13 14 | 14.2
Throwing       | |  0.8
Evocations     | |  0.1

Action                   |  1- 3 |  4- 6 |  7- 9 | 10-12 | 13-15 | 16-18 || total
-------------------------+-------+-------+-------+-------+-------+-------++-------
Melee: Flail             |   105 |   248 |   470 |   532 |       |       ||  1355
       Morningstar       |       |       |       |   299 |  1351 |  1066 ||  2716
Throw: Boomerang         |       |       |       |       |     5 |     4 ||     9
Invok: Heroism           |       |       |     1 |    17 |    17 |    17 ||    52
       Finesse           |       |       |       |     1 |     1 |       ||     2
 Abil: Evoke Blink       |       |       |       |       |       |     1 ||     1
Evoke: Wand              |       |       |     2 |       |     1 |     2 ||     5
       Tin of tremorston |       |       |       |       |       |     1 ||     1
  Use: Potion            |       |     1 |     4 |     2 |     2 |     1 ||    10
       Scroll            |       |       |     6 |    17 |    15 |     6 ||    44
 Stab: Sleeping          |       |       |       |     1 |     4 |     3 ||     8
       Distracted        |       |       |       |       |       |     2 ||     2
Armor: Scale mail        |    50 |   107 |   187 |   163 |       |       ||   507
       Steam dragon scal |       |       |       |   121 |       |       ||   121
       Troll leather arm |       |       |       |    87 |   113 |       ||   200
       Quicksilver drago |       |       |       |    10 |   523 |   700 ||  1233
Dodge: Dodged            |    57 |    91 |   168 |   315 |   379 |   445 ||  1455
Block: Buckler           |    59 |   143 |   287 |   559 |   666 |   782 ||  2496
       Reflection        |     1 |       |     9 |    14 |    29 |    54 ||   107

Table legend: (Time is in decaauts)
 A = Elapsed time spent in this place.
 B = Non-inter-level travel time spent in this place.
 C = Inter-level travel time spent in this place.
 D = Time resting spent in this place.
 E = Time spent auto-exploring this place.
 F = Levels seen in this place.
 G = Mean time per level.
                   A        B        C        D        E       F      G
               +--------+--------+--------+--------+--------+-----+--------+
         Total |  32661 |  31283 |   1378 |   2503 |  20007 |  30 | 1088.7 |
       Dungeon |  17131 |  16162 |    969 |    675 |  11685 |  15 | 1142.1 |
        Temple |    384 |    365 |     19 |      0 |    356 |   1 |  384.0 |
          Lair |   5948 |   5771 |    177 |     57 |   4462 |   5 | 1189.6 |
        Shoals |   5274 |   5186 |     88 |   1172 |   1988 |   4 | 1318.5 |
  Orcish Mines |   2532 |   2407 |    125 |    105 |   1439 |   2 | 1266.0 |
        Vaults |    354 |    354 |      0 |    166 |     22 |   1 |  354.0 |
         Abyss |    900 |    900 |      0 |    328 |     55 |   1 |  900.0 |
        Bailey |    135 |    135 |      0 |      0 |      0 |   1 |  135.0 |
               +--------+--------+--------+--------+--------+-----+--------+

Top non-repeatable levels by time:
    D:14: 1977 daAuts
   Orc:2: 1861 daAuts
    D:15: 1598 daAuts
  Lair:5: 1590 daAuts
Shoals:2: 1505 daAuts
    D:12: 1441 daAuts
     D:7: 1380 daAuts
Shoals:4: 1341 daAuts
Shoals:1: 1332 daAuts
     D:5: 1244 daAuts
  Lair:2: 1212 daAuts
     D:6: 1188 daAuts
     D:9: 1134 daAuts
     D:1: 1126 daAuts
  Lair:3: 1109 daAuts
